 Dungeon Crawl Stone Soup version 0.27-a0-1202-ge72e49191c (webtiles) character file.

Game seed: 15283242770547179646

14119 freelancePsychic the Nimble (level 11, -9/51 HPs)
             Began as a Felid Fire Elementalist on June 4, 2021.
             Was an Elder of Vehumet.
             Mangled by a five-headed hydra (12 damage)
             ... on level 3 of the Lair of Beasts.
             The game lasted 00:46:57 (19494 turns).

freelancePsychic the Nimble (FeFE)                 Turns: 19494, Time: 00:46:58

Health: -9/51      AC:  2    Str:  4    XL:     11   Next: 84%
Magic:  19/19      EV: 26    Int: 20    God:    Vehumet [****..]
Gold:   121        SH:  0    Dex: 17    Spells: 9/20 levels left
                                        Lives:  0   Deaths: 3

rFire    . . .     SeeInvis +   (weapon unavailable)
rCold    . . .     Faith    .   (shield unavailable)
rNeg     . . .     Spirit   .   (armour unavailable)
rPois    +         Reflect  .   (helmet unavailable)
rElec    .         Harm     .   (cloak unavailable)
rCorr    .         Rampage  .   (gloves unavailable)
Will     +....                  (boots unavailable)
Stlth    ++........             r - amulet of magic regeneration
HPRegen  0.17/turn              i - ring of poison resistance
MPRegen  0.41/turn              v - +4 ring of slaying

@: quick
A: very small, claws 1, fangs 3, see invisible, speed 1, shaggy fur 2, stealthy
paws, no weapons or thrown items, no armour, multi-lived
a: Renounce Religion


You were on level 3 of the Lair of Beasts.
You worshipped Vehumet.
Vehumet was greatly pleased with you.
You visited 2 branches of the dungeon, and saw 14 of its levels.
You also visited: Sewer.

You collected 571 gold pieces.
You spent 450 gold pieces at shops.

Inventory:

Jewellery
 e - an amulet of the acrobat
 f - an amulet of guardian spirit
 i - a ring of poison resistance (left paw)
 r - an amulet of magic regeneration (around neck)
 u - a ring of ice
 v - a +4 ring of slaying (right paw)
 x - a ring of ice
Wands
 g - a wand of iceblast (9)
 o - a wand of flame (17)
 y - a wand of polymorph (6)
Scrolls
 b - 3 scrolls of amnesia
 c - a scroll of silence
 d - 3 scrolls of vulnerability
 h - 7 scrolls of magic mapping
 p - 2 scrolls of fog
 t - a scroll of torment
 A - a scroll of holy word {unknown}
 B - 2 scrolls of teleportation {@r4}
Potions
 a - 2 potions of attraction
 j - a potion of might
 k - 5 potions of curing {@q1}
 l - 3 potions of magic {unknown}
 m - 2 potions of heal wounds {@q2}
 n - 5 potions of brilliance {unknown}
 q - a potion of lignification {unknown}
 s - 2 potions of cancellation {unknown}
 w - a potion of mutation {unknown}
 z - a potion of invisibility {unknown}


   Skills:
 + Level 7.9 Fighting
 - Level 13.0 Dodging
 - Level 2.6 Stealth
 - Level 5.2 Spellcasting
 - Level 7.2 Conjurations
 - Level 6.8 Fire Magic
 + Level 9.9 Earth Magic


You had 9 spell levels left.
You knew the following spells:

 Your Spells              Type           Power      Damage    Failure   Level
a - Foxfire               Conj/Fire      100%       2x1d9     1%          1
b - Sticky Flame          Conj/Fire      33%        2d5       1%          4
c - Stone Arrow           Conj/Erth      78%        3d11      1%          3
d - Mephitic Cloud        Conj/Pois/Air  14%        N/A       3%          3

Your spell library contained the following spells:

 Spells                   Type           Power      Damage    Failure   Level
 Conjure Flame            Conj/Fire      33%        6-21      1%          3
 Inner Flame              Hex/Fire       18%        N/A       2%          3
 Freeze                   Ice            20%        1d4       3%          1
 Poisonous Vapours        Pois/Air       10%        N/A       4%          2
 Fireball                 Conj/Fire      16%        3d8       4%          5
 Hailstorm                Conj/Ice       19%        3d6       7%          4
 Frozen Ramparts          Ice            10%        1d3       10%         3
 Corona                   Hex            5%         N/A       12%         1
 Summon Small Mammal      Summ           20%        N/A       12%         1
 Leda's Liquefaction      Hex/Erth       12%        N/A       14%         4
 Call Imp                 Summ           5%         N/A       17%         2
 Slow                     Hex            5%         N/A       17%         2
 Call Canine Familiar     Summ           5%         N/A       34%         3
 Ozocubu's Armour         Ice            5%         N/A       34%         3
 Summon Guardian Golem    Hex/Summ       5%         N/A       34%         3
 Cause Fear               Hex            2%         N/A       75%         4
 Summon Ice Beast         Ice/Summ       5%         N/A       75%         4
 Summon Lightning Spire   Summ/Air       5%         N/A       75%         4
 Freezing Cloud           Conj/Ice/Air   7%         6-21      82%         6
 Metabolic Englaciation   Hex/Ice        2%         N/A       97%         5
 Portal Projectile        Hex/Tloc       Unusable   N/A       N/A         3

Dungeon Overview and Level Annotations

Branches:
Dungeon (10/15)            Temple (0/1) D:4            Lair (4/6) D:9
  Swamp (0/4) Lair:2        Sewer (visited)
  Snake: Lair:2-4    Spider: Lair:2-4       Orc: D:9-12

Altars:
Ashenzari
Cheibriados
Dithmenos
Elyvilon
Gozag
Nemelex Xobeh
Qazlal
Sif Muna
Trog
Uskayaw
Vehumet
Xom
Yredelemnul

Shops:
D:5 ?   D:9 *

Annotations:
D:3 Grinder
D:8 2 transporters, Joseph
D:9 exclusion: 2 molten gargoyles
D:10 Erica


Innate Abilities, Weirdness & Mutations

You have sharp claws.
You have razor-sharp teeth.
You have supernaturally acute eyesight. (SInv)
You cover ground quickly. (Speed+)
You are covered in thick fur. (AC +2)
Your paws help you pounce on unaware monsters.
You are incapable of wielding weapons or throwing items.
You cannot wear armour.
You gain extra lives every three experience levels.


Message History

Confirm with . or Enter, or press ? or * to list all spells.
Aiming: Stone Arrow (safe; 1% risk of failure)
Press: ? - help, Shift-Dir - straight line, f/p - seven-headed hydra
Aim: a seven-headed hydra (severely wounded, 91% to hit)
The stone arrow hits the seven-headed hydra!!
You kill the seven-headed hydra!
Vehumet accepts your kill.
Your Dodging skill increases to level 13!
Magic restored.
HP restored.
Done exploring.
(D) Dungeon (T) Temple (L) Lair (S) Swamp
Where to? (Enter - Lair:4, ? - help)
There is a stone staircase leading down here.
You climb downwards.
The blink frog gives a loud, deep croak!
The five-headed hydra closely misses you. x2
The five-headed hydra completely misses you.
The five-headed hydra bites you!
The five-headed hydra completely misses you.
The elephant misses you. The elephant barely misses you.
The five-headed hydra bites you.
The five-headed hydra closely misses you.
The five-headed hydra bites you but does no damage.
The five-headed hydra misses you.
The five-headed hydra completely misses you.
There is a stone staircase leading up, spattered with blood here.
The blink frog hits you!
* * * LOW HITPOINT WARNING * * *
The five-headed hydra misses you. The five-headed hydra bites you!
* * * LOW HITPOINT WARNING * * *
The five-headed hydra misses you.
The five-headed hydra closely misses you.
The five-headed hydra misses you. The elephant closely misses you.
The elephant misses you.
You climb upwards.
There is a stone staircase leading down here.
The blink frog blinks!
The elephant misses you. The elephant closely misses you.
The five-headed hydra bites you!
You die...

.♣....≈≈≈♣♣......#.##.##.........
.≈..≈≈..≈≈.♣......####.#.........
..≈.≈≈..≈.≈≈.....................
..≈.≈.≈.≈.≈≈.♣...................
≈≈≈.≈.≈.≈...≈♣...................
...≈≈≈...≈≈≈≈≈♣.............(....
≈≈≈≈.≈.≈.....≈.....###.#.........
≈..≈≈≈...≈≈..F..Y§#.###....(.D...
.≈≈...≈≈≈..≈≈.♣.@>#...##.......#.
....≈.≈.≈≈≈≈≈.♣.YD....#.......##.
≈≈≈...≈≈≈....(♣>...#..#.......#..
...≈.≈.≈.≈≈≈..................##.
≈≈.≈.≈.≈.≈..≈♣...............##..
≈≈.≈..≈≈.≈..♣.....#....#.....###.
..≈≈..≈≈..≈...........#......# ##
.♣.≈≈≈....♣........#.##......####
.....♣..♣.........###.PP......#..


You could see a five-headed hydra, 2 elephants and a blink frog.

Vanquished Creatures
  Snorg (D:10)
  Fannar (Lair:2)
  A hydra (Lair:3)
  2 bog bodies (Lair:2)
  Pikel (D:6)
  8 elephants (Lair:3)
  A black mamba (Lair:3)
  5 cane toads
  3 komodo dragons (Lair:1)
  A polar bear (Lair:3)
  A hornet (D:8)
  2 wyverns (Lair:2)
  Eustachio (D:5)
  2 basilisks
  11 yaks
  2 vampire mosquitoes (D:9)
  2 steam dragons (D:8)
  2 acid dragons
  6 water moccasins
  3 orc warriors
  An ice beast (D:5)
  3 ogres
  3 sky beasts
  6 wolves
  3 centaurs
  A lemure (D:6)
  A phantom (D:7)
  A kobold brigand (D:8)
  11 bullfrogs
  2 scorpions
  2 water moccasin skeletons
  5 wights (D:9)
  10 killer bees (D:9)
  A howler monkey (D:6)
  3 centaur zombies
  2 hounds (D:5)
  2 jellies (D:9)
  A centaur skeleton (D:5)
  6 orc priests
  Ijyb (D:4)
  A bullfrog skeleton (D:6)
  A gnoll shaman (D:7)
  Jessica (D:3)
  3 iguanas
  14 orc wizards
  A scorpion zombie (D:5)
  2 killer bee zombies
  A hound zombie (D:5)
  2 hound skeletons (D:4)
  A howler monkey zombie (D:9)
  10 gnolls
  A howler monkey skeleton (D:4)
  6 river rats
  17 adders
  A white imp (D:8)
  2 ufetubi (D:4)
  3 worms
  3 dart slugs
  18 orcs
  7 endoplasms
  6 giant cockroaches
  6 hobgoblins
  9 kobolds
  2 quokkas
  12 ball pythons
  5 bats
  6 frilled lizards
  13 goblins
  27 rats
302 creatures vanquished.

Vanquished Creatures (collateral kills)
  2 foxfires
2 creatures vanquished.

Vanquished Creatures (others)
  2 gnolls (D:2)
  An endoplasm (D:2)
  A ball python (D:2)
  1199 foxfires
  13 fungi
  12 plants
1228 creatures vanquished.

Grand Total: 1532 creatures vanquished

Notes
Turn   | Place    | Note
-------+----------+-------------------------------------------
     0 | D:1      | freelancePsychic the Felid Fire Elementalist began the
                  | quest for the Orb.
     0 | D:1      | Reached XP level 1. HP: 7/7 MP: 4/4
    59 | D:1      | Reached skill level 1 in Conjurations
   152 | D:1      | Reached XP level 2. HP: 6/11 MP: 0/6
  1292 | D:2      | Reached XP level 3. HP: 14/14 MP: 4/7
  2274 | D:2      | Reached XP level 4. HP: 18/18 MP: 6/9
  2995 | D:3      | Noticed Jessica
  3000 | D:3      | Killed Jessica
  3001 | D:3      | Reached skill level 3 in Dodging
  3316 | D:3      | Noticed Grinder
  3382 | D:3      | Found a stormy altar of Qazlal.
  3382 | D:3      | Found a shadowy altar of Dithmenos.
  3382 | D:3      | Found a snail-covered altar of Cheibriados.
  3382 | D:3      | Found a radiant altar of Vehumet.
  3388 | D:3      | Found a broken altar of Ashenzari.
  3388 | D:3      | Found a hide-covered altar of Uskayaw.
  3402 | D:3      | Became a worshipper of Vehumet
  3643 | D:4      | Noticed an ogre
  3873 | D:4      | Reached XP level 5. HP: 21/21 MP: 5/10
  3902 | D:4      | Noticed an ogre
  4282 | D:4      | Killed an ogre
  4283 | D:4      | Reached skill level 4 in Dodging
  4301 | D:4      | Killed an ogre
  4302 | D:4      | Gained mutation: You are covered in thick fur. (AC +2)
                  | [Felid growth]
  4302 | D:4      | Reached XP level 6. HP: 24/24 MP: 1/11
  4717 | D:4      | Reached skill level 5 in Dodging
  4783 | D:4      | Noticed Ijyb
  5037 | D:4      | HP: 1/24 [Ijyb/+0 club (3)]
  5038 | D:4      | Slain by an adder
  5039 | D:4      | Reached XP level 5. HP: -2/21 MP: 0/10
  5101 | D:4      | Found a staircase to the Ecumenical Temple.
  5111 | D:5      | Entered Level 5 of the Dungeon
  5142 | D:5      | Found a glowing drain.
  5308 | Sewer    | Entered a sewer
  5326 | Sewer    | Reached XP level 6. HP: 24/24 MP: 5/11
  5326 | Sewer    | Reached * piety under Vehumet
  5326 | Sewer    | Offered knowledge of Magic Dart by Vehumet.
  5745 | Sewer    | Reached ** piety under Vehumet
  5745 | Sewer    | Offered knowledge of Poisonous Vapours by Vehumet.
  5917 | Sewer    | Reached skill level 6 in Dodging
  5917 | Sewer    | Reached skill level 5 in Fire Magic
  5917 | Sewer    | Reached XP level 7. HP: 17/27 MP: 7/12
  6071 | D:5      | Found Veowniargh's Magic Scroll Shoppe.
  6952 | D:4      | Killed Ijyb
  7162 | D:5      | Reached skill level 5 in Conjurations
  7237 | D:5      | Reached skill level 7 in Dodging
  7649 | D:5      | Reached XP level 8. HP: 31/31 MP: 8/13
  7804 | D:5      | Noticed Eustachio
  8042 | D:5      | Killed Eustachio
  8172 | D:5      | Learned a level 4 spell: Sticky Flame
  8226 | D:6      | Reached skill level 8 in Dodging
  8472 | D:6      | Offered knowledge of Stone Arrow by Vehumet.
  8668 | D:6      | Learned a level 3 spell: Stone Arrow
  8830 | D:6      | Reached skill level 1 in Earth Magic
  9637 | D:6      | Reached XP level 9. HP: 28/34 MP: 9/14
  9697 | D:6      | Found a white marble altar of Elyvilon.
  9732 | D:6      | Noticed Pikel
  9816 | D:6      | Killed Pikel
 10266 | D:6      | Found a basalt altar of Yredelemnul.
 10714 | D:7      | Reached *** piety under Vehumet
 10715 | D:7      | Reached skill level 1 in Fighting
 11564 | D:8      | Found a shimmering blue altar of Sif Muna.
 11750 | D:7      | Splashed by an acid dragon's acid
 11751 | D:7      | Reached XP level 8. HP: -9/34 MP: 7/13
 11857 | D:7      | Reached skill level 5 in Earth Magic
 12408 | D:8      | Offered knowledge of Fulminant Prism by Vehumet.
 12409 | D:8      | Reached XP level 9. HP: 39/39 MP: 10/14
 12595 | D:8      | Found a transporter.
 12628 | D:8      | Noticed Joseph
 12634 | D:8      | Found a transporter.
 13195 | D:9      | Noticed a molten gargoyle
 13225 | D:9      | Reached skill level 5 in Fighting
 13314 | D:9      | Found a staircase to the Lair.
 13411 | D:9      | Reached **** piety under Vehumet
 13518 | D:9      | Found a sparkling altar of Nemelex Xobeh.
 13518 | D:9      | Found an opulent altar of Gozag.
 13540 | D:9      | Found Utocs's Assorted Antiques.
 13575 | D:9      | Offered knowledge of Mephitic Cloud by Vehumet.
 13705 | D:9      | Noticed a molten gargoyle
 13764 | D:9      | Found a shimmering altar of Xom.
 13824 | D:9      | Reached XP level 10. HP: 44/45 MP: 10/15
 14091 | D:9      | Noticed a molten gargoyle
 14093 | D:10     | Entered Level 10 of the Dungeon
 14123 | D:10     | Noticed Snorg
 14145 | D:10     | Killed Snorg
 14146 | D:10     | Found a bloodstained altar of Trog.
 14181 | D:9      | Killed from afar by a molten gargoyle
 14182 | D:9      | Reached XP level 9. HP: -19/43 MP: 9/14
 14714 | D:10     | Noticed Erica
 14761 | Lair:1   | Entered Level 1 of the Lair of Beasts
 14835 | Lair:1   | Noticed a cane toad
 14841 | Lair:1   | Killed a cane toad
 14929 | Lair:1   | Noticed a cane toad
 14935 | Lair:1   | Killed a cane toad
 14936 | Lair:1   | Reached XP level 10. HP: 48/48 MP: 6/15
 15024 | Lair:1   | Noticed a cane toad
 15033 | Lair:1   | Reached skill level 9 in Dodging
 15036 | Lair:1   | Killed a cane toad
 15072 | Lair:1   | Noticed a cane toad
 15076 | Lair:1   | Killed a cane toad
 15670 | Lair:2   | Noticed a bog body
 15684 | Lair:2   | Killed a bog body
 15685 | Lair:2   | Reached skill level 10 in Dodging
 15807 | Lair:2   | Found a staircase to the Swamp.
 15807 | Lair:2   | Noticed a bog body
 15825 | Lair:2   | Killed a bog body
 15919 | Lair:2   | Reached skill level 5 in Spellcasting
 15973 | Lair:2   | Noticed a cane toad
 15985 | Lair:2   | Killed a cane toad
 16064 | Lair:2   | Noticed Fannar
 16241 | Lair:1   | Reached XP level 11. HP: 28/51 MP: 4/19
 16253 | Lair:1   | Reached skill level 11 in Dodging
 16836 | Lair:2   | Reached ***** piety under Vehumet
 17387 | Lair:2   | Learned a level 3 spell: Mephitic Cloud
 17452 | Lair:2   | Killed Fannar
 17519 | Lair:3   | Reached skill level 12 in Dodging
 18471 | Lair:4   | Noticed a five-headed hydra
 18474 | Lair:4   | Noticed a seven-headed hydra
 18982 | D:9      | Bought a thin leatherbound book for 450 gold pieces
 19258 | Lair:3   | Killed a seven-headed hydra
 19259 | Lair:3   | Reached skill level 13 in Dodging
 19492 | Lair:4   | HP: 2/51 [five-headed hydra (11)]
 19494 | Lair:3   | Mangled by a five-headed hydra

Illustrated notes

Levels and vault maps discovered:
D:1:      ebering_hopf_link, layout_rooms
D:2:      layout_loops_ring, kennysheep_donut, lemuel_old_faithful
D:3:      layout_basic, minmay_overflow_temple_hex,
          ebering_ecumenical_altar_petrified, uniq_jessica, uniq_grinder
D:4:      layout_loops_ring, minmay_temple_entry_slanted, kennysheep_crisscross,
          uniq_ijyb
D:5:      layout_cave_pools, lightli_sewer_entry_pipes, serial_shops, shop,
          serial_glass, glass_columns_b, glass_columns_c, uniq_eustachio
D:6:      kennysheep_big_flooded_room, layout_loops_ring, kennysheep_ying_yang,
          uniq_pikel
D:7:      layout_gridville, chequers_serial_rivers_micro_e,
          minmay_a_box_with_orc_wizards_in_it
D:8:      gammafunk_cloud_chamber, layout_cave_pools, overflow_temple_1_default,
          minmay_checkerbox, uniq_joseph
D:9:      layout_roguey, grunt_temple_overflow_opulence, dk_xom_monty_hall,
          serial_shops, shop, minivault_8
D:10:     minmay_the_grid_square_5x5_3x3
          [minmay_the_grid_square_5x5_tetrominoes,
          minmay_the_grid_square_5x5_trominoes,
          minmay_the_grid_square_5x5_intrusive_squares,
          minmay_the_grid_square_5x5_tie,
          minmay_the_grid_square_5x5_megaprize_crossed,
          minmay_the_grid_square_5x5_two_walls_b,
          minmay_the_grid_square_5x5_one_wall,
          minmay_the_grid_square_5x5_almost_minimal,
          minmay_the_grid_square_5x5_six], layout_layer_cave, kennysheep_mini,
          old_standard_altar, skrybe_limestone_x, uniq_sonja, uniq_erica,
          uniq_snorg
Lair:1:   layout_regular_city, grunt_megastairs_4, infiniplex_staircase_pool
Lair:2:   layout_roguey, skrybe_swamp_entry_bodies, uniq_fannar
Lair:3:   layout_regular_city, nicolae_quartered_pool_super,
          grunt_forest_small_clearing_treed, lemuel_fruit_tree
Lair:4:   layout_cave_pods, spider_nest_entry_webs

Skill      XL: |  1  2  3  4  5  6  7  8  9 10 11 |
---------------+----------------------------------+-----
Conjurations   | 1 2 3 4 5 6 7 |  7.2
Fire Magic     | 3 4 5 6 |  6.8
Dodging        | 3 4 6 7 8 10 13 | 13.0
Earth Magic    | 5 8 7 9 |  9.9
Fighting       | 6 7 |  7.9
Spellcasting   | 3 5 |  5.2
Stealth        | |  2.6

Action                   |  1- 3 |  4- 6 |  7- 9 | 10-12 || total
-------------------------+-------+-------+-------+-------++-------
Melee: Unarmed           |     6 |    26 |    17 |     1 ||    50
       Bite              |     1 |     1 |     1 |       ||     3
 Cast: Foxfire           |   106 |   189 |   362 |    35 ||   692
       Sticky Flame      |       |       |    49 |    19 ||    68
       Stone Arrow       |       |       |    23 |   149 ||   172
       Mephitic Cloud    |       |       |       |     3 ||     3
  Use: Scroll            |       |     5 |     7 |     2 ||    14
       Potion            |       |     3 |     1 |       ||     4
 Stab: Sleeping          |     2 |     1 |     1 |       ||     4
Armor: Skin              |       |     1 |    17 |     5 ||    23
Dodge: Dodged            |     9 |    63 |   216 |   137 ||   425

Table legend: (Time is in decaauts)
 A = Elapsed time spent in this place.
 B = Non-inter-level travel time spent in this place.
 C = Inter-level travel time spent in this place.
 D = Time resting spent in this place.
 E = Time spent auto-exploring this place.
 F = Levels seen in this place.
 G = Mean time per level.
                   A        B        C        D        E       F      G
               +--------+--------+--------+--------+--------+-----+--------+
         Total |  17711 |  16815 |    896 |   3102 |  10592 |  15 | 1180.7 |
       Dungeon |  12882 |  12298 |    584 |   2880 |   7120 |  10 | 1288.2 |
          Lair |   4073 |   3761 |    312 |     94 |   3009 |   4 | 1018.2 |
         Sewer |    755 |    755 |      0 |    127 |    462 |   1 |  755.0 |
               +--------+--------+--------+--------+--------+-----+--------+

Top non-repeatable levels by time:
     D:6: 2193 daAuts
     D:4: 1705 daAuts
  Lair:3: 1499 daAuts
     D:9: 1490 daAuts
     D:2: 1475 daAuts
     D:7: 1443 daAuts
  Lair:2: 1375 daAuts
     D:5: 1350 daAuts
     D:3: 1204 daAuts
  Lair:1: 1157 daAuts
     D:1: 1147 daAuts
     D:8: 757 daAuts
   Sewer: 755 daAuts
    D:10: 114 daAuts
  Lair:4: 41 daAuts
